Map: Incorporeal LE

Players

pjkon

  • Race: Zerg Zerg
  • League: Platinum
  • Spawn Location: 5:00

Pelucia - Winner!

  • Race: Zerg Zerg
  • League: Platinum
  • Spawn Location: 11:00

VOD

Have the link to the VOD?

Description

Time

  • Played on: July 29, 2025, 8:58 p.m.
  • Length: 9:18
Show
View Real Time Build Order
Export as new Build Order

pjkon Zerg 

Build Orders: Hatch First 

Get SALT Encoding   

  12  0:00  Drone  
  13  0:07  Drone  
  14  0:15  Drone, Extractor  
  15  0:36  Hatchery  
  15  0:41  Extractor  
  15  0:42  Drone  
  15  0:48  Overlord  
  15  1:03  Spawning Pool  
  14  1:07  Drone  
  15  1:11  Drone  
  15  1:15  Drone  
  17  1:20  Drone  
  18  1:29  Drone  
  19  1:40  Drone  
  20  1:50  Queen x2  
  24  1:54  Drone  
  24  1:55  Drone  
  26  2:02  Overlord  
  26  2:11  Drone x2  
  28  2:28  Overlord  
  28  2:35  Evolution Chamber  
  27  2:39  Evolution Chamber  
  27  2:43  Roach Warren  
  25  2:44  Queen  
  27  3:07  Drone x3  
  27  3:08  Extractor x2  
  27  3:09  Drone x3  
  27  3:11  Drone x2  
  33  3:14  Drone x4  
  37  3:40  Overlord  
  37  3:41  Overlord x2  
  37  3:46  Drone x3  
  37  3:47  Extractor  
  39  3:48  Extractor  
  39  3:50  Overlord x3  
  38  4:07  Roach  
  38  4:08  Roach x4  
  48  4:12  Drone  
  48  4:13  Drone x2  
  48  4:14  Drone  
  52  4:23  Roach x2  
  50  4:40  Roach x7  
  62  4:54  Queen  
  62  4:57  Lair  
  62  5:16  Drone x2  
  62  5:17  Drone x2  
  62  5:18  Drone  
  67  5:25  Roach  
  67  5:26  Roach x3  
  67  5:28  Overlord x2  
  75  5:40  Roach  
  75  5:41  Roach x3  
  83  5:43  Overlord  
  83  5:55  Glial Reconstitution  
  83  6:12  Overseer  
  83  6:24  Overlord  
  83  6:26  Roach x4  
  83  6:27  Roach x3  
  97  6:48  Overlord  
  97  6:50  Roach  
  97  6:51  Roach x6  
  111  6:55  Drone x3  
  114  7:22  Overlord x2  
  114  7:25  Roach x5, Hatchery  
  123  7:48  Roach  
  123  7:49  Roach x5  
  135  8:04  Roach x2  
  139  8:06  Overlord x4  
  111  8:29  Hatchery  
  96  8:40  Spore Crawler  
  96  8:41  Spore Crawler  
  92  8:43  Drone, Hydralisk Den  
  92  8:44  Drone x3, Spore Crawler  
  92  8:45  Spore Crawler  
  92  8:47  Spore Crawler  
  78  8:51  Drone, Spore Crawler  
  78  8:52  Drone x4, Spore Crawler  
  78  8:54  Spore Crawler  
Show
View Real Time Build Order
Export as new Build Order

Pelucia Zerg - Winner!

Build Orders: Hatch First 

Get SALT Encoding   

  12  0:01  Drone  
  13  0:08  Drone  
  14  0:15  Extractor  
  14  0:16  Drone  
  15  0:37  Hatchery  
  15  0:39  Extractor  
  15  0:41  Drone  
  15  0:56  Spawning Pool  
  14  1:03  Overlord  
  14  1:07  Extractor  
  14  1:10  Drone  
  14  1:22  Drone  
  14  1:23  Drone  
  16  1:27  Drone  
  17  1:37  Drone  
  18  1:43  Queen  
  20  1:48  Drone  
  20  1:53  Queen  
  23  1:59  Drone  
  24  2:02  Drone  
  24  2:04  Zergling x2  
  26  2:10  Drone  
  26  2:15  Drone  
  28  2:24  Overlord  
  28  2:28  Overlord  
  28  2:34  Roach Warren  
  27  2:47  Extractor  
  26  2:52  Drone  
  26  2:53  Drone x4, Extractor  
  30  3:03  Drone x3  
  30  3:04  Overlord  
  33  3:14  Roach x3  
  33  3:19  Roach  
  41  3:22  Overlord  
  41  3:29  Roach  
  41  3:30  Roach  
  41  3:33  Roach  
  47  3:40  Drone x2  
  49  4:15  Roach x5  
  49  4:17  Overlord x2  
  54  4:46  Roach x2  
  54  4:47  Roach x4  
  62  5:02  Overlord, Roach  
  64  5:12  Lair  
  64  5:13  Drone  
  64  5:14  Drone  
  64  5:15  Hatchery  
  63  5:24  Roach  
  63  5:25  Roach  
  67  5:31  Drone x3  
  67  5:32  Drone x4, Extractor  
  73  5:47  Overlord  
  73  5:48  Roach x2  
  77  6:06  Extractor  
  77  6:08  Zergling x2  
  77  6:09  Roach  
  79  6:11  Extractor  
  79  6:12  Spire  
  77  6:30  Glial Reconstitution  
  77  6:39  Drone  
  78  6:40  Drone x2  
  78  6:42  Drone x3  
  78  6:44  Overlord x2  
  78  6:45  Overlord  
  83  7:16  Overlord x2  
  83  7:25  Mutalisk x6  
  83  7:26  Mutalisk x5  
  105  7:31  Mutalisk  
  107  7:45  Mutalisk x2  
  111  7:52  Drone x3  
  114  7:58  Mutalisk  
  114  8:01  Mutalisk  
  118  8:06  Mutalisk  
  104  8:22  Mutalisk x3  
  102  8:29  Mutalisk x2  
  86  8:38  Mutalisk  
  86  8:39  Mutalisk  
  82  8:50  Mutalisk  
Tags
 
Add a new tag
Caveats
  • Supply blocks, unpowered buildings, or Contaminate may cause inaccurate times.
  • Supply counts are checked every 10 seconds.